 Dungeon Crawl Stone Soup version 0.15.0-14-g6bbbb5c (console) character file.

1582 gw the Chopper (level 8, -1/81 HPs)
             Began as a Deep Dwarf Fighter on Sept 5, 2014.
             Was a Follower of Makhleb.
             Succumbed to a killer bee's poison
             ... on Level 7 of the Dungeon.
             The game lasted 00:05:15 (6833 turns).

gw the Chopper (Deep Dwarf Fighter)                 Turns: 6833, Time: 00:05:15

HP  -1/81        AC 12     Str 20      XL: 8   Next: 60%
MP   6/6         EV  7     Int  9      God: Makhleb [*.....]
Gold 0           SH  2     Dex 12 (14) Spells:  0 memorised,  7 levels left

rFire  . . .     SeeInvis .     a - +1 war axe (curse)
rCold  . . .     Clarity  .     k - +0 chain mail
rNeg   . . .     rCorr    +     (no shield)
rPois  .         rRot     .     (helmet restricted)
rElec  .         Spirit   .     (no cloak)
SustAb .         Warding  .     (no gloves)
rMut   .         Stasis   .     (no boots)
Gourm  .                        i - amulet of resist corrosion
MR     +....                    (no ring)
                                (no ring)

@: lethally poisoned, non-regenerating, somewhat resistant to hostile
enchantments, extremely unstealthy
A: damage resistance, recharge devices, horns 1, large bone plates 1, sense
surroundings 1, robust 1, slow healing 3
a: Device Recharging, Renounce Religion


You were on level 7 of the Dungeon.
You worshipped Makhleb.
Makhleb was aware of your devotion.
You were hungry.

You visited 2 branches of the dungeon, and saw 8 of its levels.
You also visited: Sewer.

Inventory:

Hand weapons
 a - a cursed +1 war axe (weapon)
Missiles
 m - 178 stones (quivered)
Armour
 k - a +0 chain mail (worn)
Magical devices
 d - a wand of heal wounds (2)
 e - a wand of flame (20)
 s - a wand of magic darts (14)
 t - a wand of paralysis (8)
Comestibles
 f - 7 bread rations
 h - 3 beef jerkies
 n - 3 meat rations
 o - 3 slices of pizza
Scrolls
 c - 4 scrolls of enchant armour
 g - 7 scrolls of identify
 l - a scroll of blinking
 q - 3 scrolls of remove curse
Jewellery
 i - an amulet of resist corrosion (around neck)
Potions
 b - a potion of lignification
 j - a potion of flight
 p - a potion of curing


   Skills:
 + Level 5.0 Fighting
 * Level 7.7 Axes
 + Level 4.2 Throwing
 + Level 6.1 Armour
   Level 3.2 Shields
 + Level 2.4 Invocations


You had 7 spell levels left.
You didn't know any spells.

Dungeon Overview and Level Annotations

Branches:
Dungeon (7/15)             Temple (1/1) D:5

Altars:
Ashenzari
Cheibriados
Dithmenos
Elyvilon
Fedhas
Kikubaaqudgha
Makhleb
Nemelex Xobeh
Okawaru
Qazlal
Trog
Vehumet
Xom
Yredelemnul
Zin
The Shining One

Shops:
D:6 !

Annotations:
D:3 Natasha
D:5 exclusion: upstairs, Pikel; gw's ghost, experienced DDFi


Innate Abilities, Weirdness & Mutations

You are resistant to damage.
You can recharge devices by infusing magical energy.
You passively map a small area around you.
You do not heal naturally.
You have a pair of small horns on your head.
You are partially covered in large bone plates (AC +2, SH +2).
You are robust (+10% HP).


Message History

The killer bee poisons you!
MOVING TO (1,-2)
You feel sick. You block the bat's attack.
The killer bee stings you but does no damage.
The killer bee stings you.
MOVING TO (1,-1)
You feel sick. The bat hits you but does no damage. The killer bee stings you.
The killer bee barely misses you.
MOVING TO (8,1)
You feel sick. The killer bee stings you.
You are lethally poisoned!
The killer bee poisons you! The bat closely misses you.
The killer bee barely misses you.
MOVING TO (7,1)
You feel very sick.
The killer bee stings you but does no damage.
The killer bee barely misses you. The killer bee closely misses you.
The bat barely misses you.
MOVING TO (6,1)
You die...

, ... , ........ ... *
#..... ######.#######
#....
##......#.....#######..#.
##..............##....y.#.
#....?...........#.####...
#..................# #.?#
#...:..b.........### #..#
#.....yy.g.......# ** #..#
#......y.............##..#
#....................##<.#
##..............#....##...
##.....##.....##....#..#.
#.......................
#....#######.##....##...
#..%.# #.. ,.. ##.. ##..##
# .. * *..


You could see 3 killer bees and a bat.

Table legend:
 A = Turns spent in this place as a percentage of turns spent in the entire game.
 B = Non-inter-level travel turns spent in this place as a percentage of non-inter-level travel turns spent in the entire game.
 C = Inter-level travel turns spent in this place as a percentage of turns spent in this place.
 D = Turns resting spent in this place as a percentage of non-inter-level travel turns spent in this place.
 E = Turns spent auto-exploring this place as a percentage of non-inter-level travel turns spent in this place.
 F = Non-inter-level travel turns spent in this place divided by the number of levels of this place that you've seen.
                   A       B       C       D       E      F
               +-------+-------+-------+-------+-------+----------------------
         Total | 100.0 | 100.0 |   1.8 |   0.6 |  12.0 | 268.6
       Dungeon |  89.8 |  89.7 |   1.9 |   0.7 |  11.7 | 309.6
        Temple |   1.4 |   1.4 |   5.7 |   0.0 |  30.3 |  33.0
         Sewer |   8.8 |   9.0 |   0.0 |   0.0 |  11.5 | 217.0
               +-------+-------+-------+-------+-------+----------------------

Table legend:
 A = Kills in this place as a percentage of kills in entire the game.
 B = Kills by you in this place as a percentage of kills by you in the entire game.
 C = Kills by friends in this place as a percentage of kills by friends in the entire game.
 D = Other kills in this place as a percentage of other kills in the entire game.
 E = Experience gained in this place as a percentage of experience gained in the entire game.
 F = Experience gained in this place divided by the number of levels of this place that you have seen.
                   A       B       C       D       E      F
               +-------+-------+-------+-------+-------+----------------------
         Total | 100.0 | 100.0 |  -nan |  -nan | 100.0 | 251.2
       Dungeon |  93.0 |  93.0 |  -nan |  -nan |  93.1 | 300.7
         Sewer |   7.0 |   7.0 |  -nan |  -nan |   6.9 | 156.0
               +-------+-------+-------+-------+-------+----------------------

Vanquished Creatures
  The ghost of MorganLeah the Cleaver, an average HOGl (D:4)
  A slave (D:4)
  3 ogres
  Purgy (Sewer)
  A centaur (D:5)
  A sky beast (D:5)
  The ghost of sargx the Sneak, an average VSAs (D:3)
  2 giant frogs (D:6)
  A killer bee (D:7)
  A hippogriff skeleton (D:5)
  A goliath beetle (D:6)
  5 crimson imps
  A giant frog skeleton (D:6)
  A hound (D:5)
  2 worker ants
  Ijyb (D:4)
  An ogre zombie (D:5)
  A mummy (D:5)
  7 gnolls
  6 adders
  A giant mite (D:3)
  A shadow imp (D:5)
  2 worms (D:3)
  6 giant geckos
  3 orcs
  2 ball pythons (Sewer)
  A bat skeleton (D:6)
  6 giant cockroaches
  7 goblins
  10 hobgoblins
  9 jackals
  13 bats
  13 giant newts
  11 kobolds
  6 rats
130 creatures vanquished.

Notes
Turn   | Place    | Note
--------------------------------------------------------------
     0 | D:1      | gw, the Deep Dwarf Fighter, began the quest for the Orb.
     0 | D:1      | Reached XP level 1. HP: 20/20 MP: 1/1
     7 | D:1      | Noticed an electric eel
   389 | D:1      | Reached XP level 2. HP: 24/27 MP: 2/2
   939 | D:1      | Gained mutation: You are partially covered in large bone plates (AC +2, SH +2). [potion of mutation]
   939 | D:1      | Gained mutation: You have a pair of small horns on your head. [potion of mutation]
   939 | D:1      | Gained mutation: You are robust (+10% HP). [potion of mutation]
  1374 | D:2      | Reached XP level 3. HP: 26/36 MP: 3/3
  1781 | D:2      | Reached skill level 1 in Throwing
  1874 | D:3      | Found a glowing drain.
  1876 | D:3      | Reached skill level 4 in Armour
  1876 | D:3      | Reached XP level 4. HP: 16/46 MP: 4/4
  1903 | D:3      | Noticed sargx's ghost (average VSAs)
  1930 | Sewer    | Entered a sewer
  1952 | Sewer    | Noticed Purgy
  1979 | Sewer    | Killed Purgy
  1979 | Sewer    | Reached XP level 5. HP: 32/53 MP: 5/5
  3228 | D:3      | Killed sargx's ghost
  3228 | D:3      | Reached XP level 6. HP: 33/61 MP: 6/6
  3382 | D:3      | Noticed Natasha
  3463 | D:3      | Noticed an ogre
  3475 | D:3      | HP: 3/61 [ogre/giant club (20)]
  3477 | D:3      | Killed an ogre
  3477 | D:3      | Reached skill level 5 in Axes
  3654 | D:4      | Noticed Ijyb
  3692 | D:4      | Killed Ijyb
  3780 | D:4      | Reached skill level 5 in Armour
  3784 | D:4      | Reached XP level 7. HP: 37/69 MP: 7/7
  3802 | D:4      | Noticed MorganLeah's ghost (average HOGl)
  3983 | D:4      | Found a bloodstained altar of Trog.
  3985 | D:4      | Found a blossoming altar of Fedhas.
  3988 | D:4      | Found a sparkling altar of Nemelex Xobeh.
  4420 | D:4      | Killed MorganLeah's ghost
  4420 | D:4      | Reached skill level 6 in Axes
  4560 | D:5      | Entered Level 5 of the Dungeon
  4823 | D:5      | Found a snail-covered altar of Cheibriados.
  4909 | D:5      | Reached XP level 8. HP: 38/80 MP: 6/6
  5026 | D:5      | Found a staircase to the Ecumenical Temple.
  5040 | Temple   | Entered the Ecumenical Temple
  5061 | Temple   | Became a worshipper of Makhleb the Destroyer
  5444 | D:5      | Reached skill level 7 in Axes
  5498 | D:5      | Noticed Pikel
  5514 | D:5      | Noticed gw's ghost (experienced DDFi)
  5632 | D:6      | Found Ryjoph's Distillery.
  5978 | D:6      | Reached skill level 1 in Invocations
  6154 | D:6      | Acquired Makhleb's first power
  6822 | D:7      | Reached skill level 5 in Fighting
  6831 | D:7      | HP: 4/81 [killer bee (1)]
  6832 | D:7      | HP: 1/81 [poisoned by a killer bee]
  6833 | D:7      | Succumbed to a killer bee's poison

Action                   |  1- 3 |  4- 6 |  7- 9 || total
-------------------------+-------+-------+-------++-------
Melee: War axe           |    89 |   136 |   190 ||   415
Throw: Stone             |    64 |    80 |   196 ||   340
 Abil: Device Recharging |       |       |     5 ||     5
Evoke: Wand              |       |     5 |    18 ||    23
  Use: Potion            |     4 |     5 |     6 ||    15
       Scroll            |     7 |     2 |     6 ||    15
  Eat: Chunk             |     3 |     6 |    11 ||    20

Vault maps used:
D:1:      arrival_aquarium_a
D:3:      kennysheep_six_static_rooms, first_bread, portal_sewer_entry_a,
          st_stairs_14, uniq_natasha
D:4:      minmay_overflow_temple_star_quad, uniq_iyjb
D:5:      kennysheep_mini, temple_fountains, gup_ossuary_entry_pyramid,
          uniq_pikel
D:6:      serial_shops, shop
D:7:      basic_altar
Temple:   circular_temple_12
Sewer:    sewer_co_purgy_island
